[Event "40/120 Mapi/Horst W."]
[Site "?"]
[Date "2024.04.17"]
[Round "1"]
[White "Mephisto Nigel Short"]
[Black "Novag Super Forte C v3.6"]
[Result "0-1"]
[ECO "B22"]
[WhiteElo "2100"]
[BlackElo "2100"]
[PlyCount "106"]
[EventDate "2024.??.??"]
[TimeControl "60"]

1. e4 c5 2. c3 Nf6 {B22: Sicilian, Alapin's variation (2.c3)} 3. e5 Nd5 4. d4 cxd4 5. cxd4 d6 6. Nf3 Nc6 7. Bc4 Nb6 8. Bb5 dxe5 9. Nxe5 Bd7 10. Nxd7 Qxd7 11. O-O e6 12. Bg5 a6 13. Bxc6 Qxc6 14. Nc3 Bd6 15. Rc1 h6 16. Bh4 O-O 17. Qg4 Rfc8 18. Bf6 Bf8 19. Rfe1 Nd5 20. Be5 Qc4 21. b3 Qc6 22. Ne2 Qd7 23. Rc4 b5 24. Rxc8 Rxc8 25. Rc1 Rxc1+ 26. Nxc1 Qc6 27. Qd1 Qc3 28. Ne2 Qa5 29. Nc1 Be7 30. Qe2 Qc3 31. Qd1 Qa1 32. Qf1 Ba3 33. Ne2 Qxa2 34. Qd1 Bb4 35. g3 a5 36. h3 a4 37. bxa4 bxa4 38. Nf4 Nxf4 39. Bxf4 a3 40. Qc1 Qb3 41. Kg2 a2 42. Bd2 Bxd2 43. Qc8+ Kh7 44. Qa6 f5 45. d5 Qxd5+ 46. Kg1 Bc3 47. Qa3 a1=Q+ 48. Qxa1 Bxa1 49. g4 Qf3 50. Kf1 Bd4 51. Ke1 Qxf2+ 52. Kd1 Be3 53. gxf5 Qd2# 0-1

[Event "40/120 Mapi/Horst W."]
[Site "?"]
[Date "2024.04.17"]
[Round "2"]
[White "Novag Super Forte C v3.6"]
[Black "Mephisto Nigel Short"]
[Result "1-0"]
[ECO "B13"]
[WhiteElo "2100"]
[BlackElo "2100"]
[PlyCount "59"]
[EventDate "2024.??.??"]
[TimeControl "60"]

1. e4 c6 2. d4 d5 3. exd5 cxd5 4. c4 Nf6 5. Nc3 Nc6 6. Bg5 Qa5 7. Bxf6 {B13: Caro-Kann, Panov-Botvinnik, Czerniak variation} exf6 8. cxd5 Bb4 9. Qd2 Bxc3 10. bxc3 Qxd5 11. Ne2 O-O 12. Nf4 Qe4+ 13. Be2 g5 14. Nh5 Qxg2 15. Nxf6+ Kh8 16. O-O-O Qxf2 17. Qxg5 Bf5 18. Nh5 Bg6 19. Rdf1 f6 20. Qh6 Qxf1+ 21. Rxf1 Bxh5 22. Bxh5 Rg8 23. Qxf6+ Rg7 24. Rg1 Rag8 25. Bf7 Ne7 26. Bxg8 Ng6 27. Bd5 b5 28. Qd8+ Nf8 29. Qxf8+ Rg8 30. Rxg8# 1-0

[Event "40/120 Mapi/Horst W."]
[Site "?"]
[Date "2024.04.17"]
[Round "3"]
[White "Mephisto Nigel Short"]
[Black "Novag Super Forte C v3.6"]
[Result "0-1"]
[ECO "A29"]
[WhiteElo "2100"]
[BlackElo "2100"]
[PlyCount "206"]
[EventDate "2024.??.??"]
[TimeControl "60"]

1. c4 e5 2. Nc3 Nc6 3. Nf3 Nf6 4. g3 d5 {A29: English, four knights, kingside fianchetto} 5. cxd5 Nxd5 6. Bg2 Nb6 7. O-O Be7 8. a3 O-O 9. d3 Be6 10. b4 Nd4 11. Nxe5 Bf6 12. Nc4 Nxc4 13. dxc4 Bxc4 14. Rb1 c6 15. Be3 Nxe2+ 16. Nxe2 Qxd1 17. Rfxd1 Bxe2 18. Rd7 Rfb8 19. Bh3 b6 20. Bg2 Bb5 21. Bf1 Bxf1 22. Kxf1 Rd8 23. Rc7 Rdc8 24. Rd7 g6 25. Rc1 Bb2 26. Rb1 Be5 27. Re1 Re8 28. Red1 Kg7 29. Rb7 Reb8 30. Re7 Bf6 31. Rc7 Rc8 32. Rb7 Rd8 33. Rxd8 Bxd8 34. Bd4+ Kf8 35. Ke2 h6 36. f4 h5 37. Kd3 Ke8 38. Ke4 a5 39. Bxb6 Bxb6 40. Rxb6 axb4 41. axb4 Ra2 42. Rxc6 Rxh2 43. b5 Kd7 44. Rf6 Ke7 45. Rb6 Re2+ 46. Kf3 Rd2 47. Rb7+ Rd7 48. Rb8 Kd6 49. Ke4 f5+ 50. Ke3 Kc5 51. Ke2 Rd6 52. Ke3 Rd1 53. Kf3 Rd3+ 54. Kf2 Rd4 55. Kf3 Re4 56. b6 Re6 57. b7 Kc6 58. Rc8+ Kxb7 59. Rc3 Rc6 60. Rb3+ Kc7 61. Ke3 Kd6 62. Kd4 Ke6 63. Ra3 Kf6 64. Kd5 Re6 65. Rb3 Ra6 66. Re3 g5 67. fxg5+ Kxg5 68. Re8 Kg4 69. Rg8+ Kf3 70. Ke5 Ra5+ 71. Kd4 f4 72. gxf4 Rf5 73. Ra8 Kxf4 74. Ra1 Rb5 75. Kc4 Rb8 76. Rh1 Rh8 77. Rh3 h4 78. Kd5 Kg4 79. Rh1 h3 80. Ra1 h2 81. Rh1 Kf3 82. Ke5 Rh5+ 83. Kd4 Rh4+ 84. Ke5 Kf2 85. Kd5 Kg3 86. Ke5 Kg2 87. Rb1 h1=Q 88. Rxh1 Rxh1 89. Ke4 Kg3 90. Ke5 Re1+ 91. Kd4 Kf4 92. Kd3 Re4 93. Kc2 Re3 94. Kd1 Ke4 95. Kc2 Rd3 96. Kc1 Kd4 97. Kb2 Rc3 98. Kb1 Kd3 99. Kb2 Kc4 100. Ka2 Rc2+ 101. Ka1 Kc3 102. Kb1 Kb3 103. Ka1 Rc1# 0-1

[Event "40/120 Mapi/Horst W."]
[Site "?"]
[Date "2024.04.17"]
[Round "4"]
[White "Novag Super Forte C v3.6"]
[Black "Mephisto Nigel Short"]
[Result "0-1"]
[ECO "B19"]
[WhiteElo "2100"]
[BlackElo "2100"]
[PlyCount "202"]
[EventDate "2024.??.??"]
[TimeControl "60"]

1. e4 c6 2. d4 d5 3. Nc3 dxe4 4. Nxe4 Bf5 5. Ng3 Bg6 6. h4 h6 7. Nf3 Nd7 8. Bd3 {B19: Caro-Kann, classical, Spassky variation} Bxd3 9. Qxd3 Qc7 10. Bd2 e6 11. O-O-O Ngf6 12. Ne4 Be7 13. Nxf6+ Nxf6 14. Ne5 O-O 15. g4 Bd6 16. Qe2 c5 17. g5 cxd4 18. gxf6 Bxe5 19. fxg7 Bxg7 20. Rhg1 Kh8 21. Rxg7 Kxg7 22. Qg4+ Kh8 23. Bxh6 f5 24. Qe2 Rf6 25. Bg5 Rg6 26. Rxd4 Rf8 27. f3 e5 28. Rd5 Re6 29. Bf4 Rfe8 30. Bh2 Qg7 31. Kb1 e4 32. a3 Qh7 33. fxe4 Rxe4 34. Qf3 Re1+ 35. Ka2 Qf7 36. Qxf5 Qxf5 37. Rxf5 Kg7 38. Kb3 Rh1 39. Be5+ Kg6 40. Rg5+ Kh7 41. Bd4 Rxh4 42. Bxa7 Rhe4 43. Kc3 Kh6 44. Rg1 Rf4 45. b3 Rf3+ 46. Kb2 Re2 47. a4 Rd3 48. Bc5 Rdd2 49. Rc1 Kg5 50. Bb4 Rd4 51. Bc3 Rg4 52. Re1 Rxe1 53. Bxe1 Rg2 54. Kc3 Kf4 55. Kd3 Rg7 56. Bd2+ Kf3 57. Be3 Rd7+ 58. Bd4 Rh7 59. c3 Kf4 60. Be3+ Ke5 61. b4 Rh1 62. c4 Rf1 63. a5 Rf7 64. Bd4+ Kf4 65. b5 Rf8 66. a6 bxa6 67. b6 Kf5 68. c5 Ke6 69. c6 Kd6 70. c7 Rc8 71. Bc3 Kc6 72. Ba5 Rh8 73. Ke4 Kb7 74. Kd4 Rh5 75. Bb4 a5 76. Bd6 Rb5 77. Kc4 Rxb6 78. Bg3 a4 79. c8=Q+ Kxc8 80. Bf2 Rb1 81. Bd4 a3 82. Bc3 Kd7 83. Kd5 a2 84. Bh8 Rd1+ 85. Kc4 a1=Q 86. Bxa1 Rxa1 87. Kd5 Ra5+ 88. Kc4 Kd6 89. Kd4 Ra4+ 90. Ke3 Kd5 91. Kf3 Ke5 92. Ke3 Ra3+ 93. Ke2 Kd4 94. Kf2 Ke4 95. Ke2 Ra2+ 96. Kd1 Kd3 97. Ke1 Rb2 98. Kf1 Ke3 99. Kg1 Kf3 100. Kh1 Kg3 101. Kg1 Rb1# 0-1

[Event "40/120 Mapi/Horst W."]
[Site "?"]
[Date "2024.04.17"]
[Round "5"]
[White "Mephisto Nigel Short"]
[Black "Novag Super Forte C v3.6"]
[Result "1/2-1/2"]
[ECO "D25"]
[WhiteElo "2100"]
[BlackElo "2100"]
[PlyCount "281"]
[EventDate "2024.??.??"]
[TimeControl "60"]

1. d4 d5 2. c4 dxc4 3. Nf3 Nf6 4. e3 Bg4 5. Bxc4 {D25: QGA, Janowsky-Larsen variation} e6 6. Qb3 Bxf3 7. gxf3 Nbd7 8. Qxb7 c5 9. Rg1 cxd4 10. exd4 Qc8 11. Qxc8+ Rxc8 12. b3 Bb4+ 13. Bd2 Bxd2+ 14. Nxd2 O-O 15. Rc1 Nb6 16. Rg5 Rfd8 17. Rc5 Rb8 18. Rc7 Rxd4 19. Rxa7 Rh4 20. Nf1 Rc8 21. Kd2 Rf4 22. Ke2 Kf8 23. Ne3 Rh4 24. Rb7 Nbd5 25. Nf1 Rh3 26. Rc2 Nf4+ 27. Ke3 g5 28. Kd2 Rxf3 29. Kc1 Rxf2 30. Rxf2 Nd3+ 31. Kd2 Nxf2 32. Ke3 N2g4+ 33. Ke2 Ne5 34. Nd2 Ne8 35. Rb5 Nxc4 36. Nxc4 f5 37. a4 Ke7 38. Rb6 Rd8 39. Rb7+ Rd7 40. Rxd7+ Kxd7 41. b4 Kc6 42. Ne5+ Kd5 43. Nf7 g4 44. b5 f4 45. b6 Nd6 46. Nd8 f3+ 47. Ke1 Kc5 48. a5 Kb5 49. b7 Nxb7 50. Nxb7 h5 51. Kf2 h4 52. Nd8 g3+ 53. hxg3 hxg3+ 54. Kxg3 Kxa5 55. Kxf3 e5 56. Ke4 Kb4 57. Nb7 Kc4 58. Nd6+ Kc5 59. Nf5 Kc4 60. Ng7 Kc5 61. Ne6+ Kd6 62. Ng5 Ke7 63. Nh3 Kf6 64. Nf2 Ke6 65. Ng4 Kf7 66. Nh2 Kf6 67. Nf1 Ke6 68. Ne3 Kf6 69. Nc2 Ke6 70. Na3 Kf6 71. Nb5 Ke6 72. Nc3 Kf6 73. Nd5+ Ke6 74. Nb6 Kf6 75. Nc4 Kg6 76. Na5 Kf6 77. Nb3 Ke6 78. Nc1 Kf6 79. Ne2 Ke6 80. Ng1 Kf6 81. Nf3 Kg6 82. Nh4+ Kf6 83. Ng2 Ke6 84. Ne1 Kf6 85. Nd3 Kg6 86. Nf2 Kf6 87. Nh1 Ke6 88. Ke3 Kf7 89. Nf2 Kf6 90. Nd3 Kf5 91. Nb4 e4 92. Nd5 Ke5 93. Nc7 Kf5 94. Nb5 Ke5 95. Nc3 Kf5 96. Ne2 Ke5 97. Nd4 Kd5 98. Nf5 Ke5 99. Nh6 Kd5 100. Ng4 Ke6 101. Nh2 Ke5 102. Nf1 Kf5 103. Ng3+ Ke5 104. Ne2 Kf5 105. Nc3 Ke5 106. Na4 Kf5 107. Nc5 Ke5 108. Nd7+ Kf5 109. Nb6 Ke5 110. Nc4+ Kf5 111. Na5 Ke5 112. Nb3 Kf5 113. Nd4+ Ke5 114. Nc2 Kf5 115. Ne1 Ke5 116. Ng2 Kf5 117. Nf4 Ke5 118. Ne2 Kd5 119. Nc3+ Kd6 120. Nb5+ Ke5 121. Nd4 Kd5 122. Nf5 Ke5 123. Ng3 Kd6 124. Kd4 Ke6 125. Ne2 Kf5 126. Ke3 Ke5 127. Nf4 Kf5 128. Nd5 Ke5 129. Nb6 Kf5 130. Na4 Ke5 131. Nc5 Kf5 132. Nb7 Ke5 133. Nd8 Kf5 134. Nc6 Kf6 135. Na5 Ke5 136. Nc4+ Kf5 137. Nb2 Ke5 138. Nd1 Kf5 139. Nc3 Ke5 140. Nb5 Kf5 141. Nd6+ 1/2-1/2

[Event "40/120 Mapi/Horst W."]
[Site "?"]
[Date "2024.04.17"]
[Round "6"]
[White "Novag Super Forte C v3.6"]
[Black "Mephisto Nigel Short"]
[Result "0-1"]
[ECO "C43"]
[WhiteElo "2100"]
[BlackElo "2100"]
[PlyCount "128"]
[EventDate "2024.??.??"]
[TimeControl "60"]

1. e4 e5 2. Nf3 Nf6 3. d4 Nxe4 4. Bd3 {C43: Petrov, modern attack, Symmetrical variation} d5 5. Nxe5 Bd6 6. O-O O-O 7. Nd2 Bxe5 8. dxe5 Nc5 9. Nb3 Nxd3 10. Qxd3 Nc6 11. Bf4 Be6 12. Rad1 Qh4 13. Bg3 Qe7 14. c3 a5 15. a4 Bg4 16. f3 Be6 17. f4 g6 18. Qb5 Qe8 19. Nc5 b6 20. Nxe6 fxe6 21. b3 Ne7 22. c4 Qxb5 23. axb5 dxc4 24. Rd7 Nf5 25. bxc4 Rf7 26. Rfd1 Rxd7 27. Rxd7 Nxg3 28. hxg3 a4 29. Rd2 Kg7 30. Ra2 g5 31. Ra3 Kg6 32. Kf2 Kf5 33. Kf3 h5 34. Ke3 Rg8 35. Rxa4 gxf4+ 36. gxf4 Rxg2 37. Ra8 Rg3+ 38. Kd4 Kxf4 39. Rf8+ Kg5 40. Rg8+ Kh4 41. Re8 Rg4+ 42. Kd3 Rg6 43. Re7 Kg3 44. Rxc7 h4 45. c5 bxc5 46. Rxc5 Rg7 47. Rc3 h3 48. Kd4+ Kh4 49. b6 h2 50. Rc8 Rd7+ 51. Ke3 Rh7 52. Rc7 Rh5 53. b7 h1=Q 54. b8=Q Rxe5+ 55. Kd3 Rd5+ 56. Kc2 Qd1+ 57. Kc3 Qd2+ 58. Kb3 Rd3+ 59. Ka4 Qa2+ 60. Kb5 Qb2+ 61. Kc6 Qg2+ 62. Kc5 Qc2+ 63. Kb6 Rb3+ 64. Ka7 Qa2# 0-1

[Event "40/120 Mapi/Horst W."]
[Site "?"]
[Date "2024.04.17"]
[Round "7"]
[White "Mephisto Nigel Short"]
[Black "Novag Super Forte C v3.6"]
[Result "1/2-1/2"]
[ECO "E65"]
[WhiteElo "2100"]
[BlackElo "2100"]
[PlyCount "223"]
[EventDate "2024.??.??"]
[TimeControl "60"]

1. c4 c5 2. Nc3 Nc6 3. Nf3 g6 4. g3 d6 5. Bg2 Nf6 6. O-O Bg7 7. d4 O-O 8. dxc5 {E66: King's Indian, fianchetto, Yugoslav Panno} dxc5 9. Be3 Qa5 10. Qb3 Ng4 11. Bd2 Qb4 12. Na4 Qxb3 13. axb3 Rd8 14. Bc1 Nh6 15. Be3 Nf5 16. Bxc5 Be6 17. Rfd1 Rab8 18. Ng5 Bd7 19. Bd5 Be8 20. e4 Nfd4 21. Bxc6 Nxc6 22. Nc3 h6 23. Nf3 b6 24. Be3 Bd7 25. Kg2 Be6 26. Nb5 Rxd1 27. Rxd1 Rc8 28. Ra1 Na5 29. Nxa7 Rb8 30. Rd1 Kh7 31. Nd2 Bxb2 32. Nb5 Bd7 33. Nc7 e6 34. b4 Nc6 35. Nf3 Bc8 36. b5 Na5 37. c5 bxc5 38. Bxc5 Bb7 39. Rd7 Kg8 40. Bb6 Nc4 41. Bd4 Bxe4 42. Bxb2 Nxb2 43. Rd4 f5 44. h4 e5 45. Rd6 Nc4 46. Rd7 Kh8 47. Rd1 Kg7 48. Rd7+ Kf6 49. Rd1 g5 50. Nd5+ Kf7 51. hxg5 hxg5 52. Nc3 g4 53. Nxe4 gxf3+ 54. Kxf3 fxe4+ 55. Kxe4 Rxb5 56. f4 Kf6 57. fxe5+ Rxe5+ 58. Kf4 Rf5+ 59. Ke4 Rf2 60. Rd8 Nd2+ 61. Ke3 Rf3+ 62. Kxd2 Rxg3 63. Ra8 Ke6 64. Ke1 Rg2 65. Ra6+ Ke5 66. Ra5+ Kf4 67. Ra8 Ke4 68. Re8+ Kf3 69. Rc8 Ke3 70. Kf1 Rh2 71. Re8+ Kd3 72. Ra8 Rb2 73. Rd8+ Ke4 74. Rh8 Rc2 75. Ke1 Ra2 76. Re8+ Kf3 77. Rd8 Ke3 78. Kd1 Rg2 79. Rh8 Rd2+ 80. Kc1 Ra2 81. Rh3+ Ke4 82. Rh4+ Kd3 83. Rh7 Rc2+ 84. Kb1 Rf2 85. Rd7+ Ke3 86. Re7+ Kd4 87. Kc1 Rh2 88. Rd7+ Kc3 89. Rc7+ Kd3 90. Rg7 Rc2+ 91. Kb1 Re2 92. Rd7+ Kc3 93. Rc7+ Kd4 94. Kc1 Rg2 95. Rc8 Kd3 96. Rh8 Rc2+ 97. Kb1 Rf2 98. Rd8+ Ke3 99. Re8+ Kd4 100. Kc1 Rh2 101. Ra8 Kd3 102. Kb1 Rg2 103. Rd8+ Ke3 104. Re8+ Kd4 105. Re6 Rf2 106. Kc1 Rh2 107. Rd6+ Kc3 108. Kd1 Rg2 109. Ra6 Rd2+ 110. Ke1 Rb2 111. Ra1 Kd3 112. Rc1 1/2-1/2

[Event "40/120 Mapi/Horst W."]
[Site "?"]
[Date "2024.04.17"]
[Round "8"]
[White "Novag Super Forte C v3.6"]
[Black "Mephisto Nigel Short"]
[Result "1-0"]
[ECO "C43"]
[WhiteElo "2100"]
[BlackElo "2100"]
[PlyCount "177"]
[EventDate "2024.??.??"]
[TimeControl "60"]

1. e4 e5 2. Nf3 Nf6 3. d4 Nxe4 4. Bd3 {C43: Petrov, modern attack, Symmetrical variation} d5 5. Nxe5 Bd6 6. O-O O-O 7. Nd2 Bxe5 8. dxe5 Nc5 9. Nb3 Nxd3 10. Qxd3 Nc6 11. Bf4 Be6 12. Qb5 Qh4 13. Qxb7 Qxf4 14. Qxc6 Qxe5 15. Rab1 Rae8 16. Rfe1 Bd7 17. Rxe5 Bxc6 18. Rbe1 Rxe5 19. Rxe5 f6 20. Re3 Re8 21. Nd4 Rxe3 22. fxe3 Bd7 23. Kf2 Kf7 24. Ke2 c5 25. Nb3 c4 26. Nd4 Ke7 27. Kd2 Kd6 28. b3 cxb3 29. axb3 g5 30. Kd3 Be8 31. b4 h5 32. g3 a6 33. c3 Bg6+ 34. Kd2 Kd7 35. Ke2 Be8 36. h4 Kd6 37. Nf3 g4 38. Ne1 Ke5 39. Nd3+ Ke4 40. Nc5+ Kf5 41. e4+ Ke5 42. Kd3 dxe4+ 43. Ke3 f5 44. Nxa6 Bb5 45. Nc5 Kd5 46. Nb7 Bf1 47. Kf2 Bc4 48. Na5 Bb5 49. Ke3 Bd3 50. Kf4 Ba6 51. Ke3 Bf1 52. Nb3 Bd3 53. Nd4 Ke5 54. b5 Bc4 55. b6 Bd5 56. c4 Bb7 57. Nb3 Kd6 58. c5+ Kd5 59. Na5 Kxc5 60. Nxb7+ Kc6 61. Nd8+ Kxb6 62. Ne6 Kc6 63. Nd4+ Kd5 64. Nxf5 Ke5 65. Ng7 Kd5 66. Nxh5 Ke5 67. Nf4 Kf5 68. Kd4 e3 69. Kxe3 Ke5 70. Nd3+ Kf5 71. Nf2 Ke5 72. Nxg4+ Kf5 73. Kf3 Kg6 74. Ke4 Kg7 75. Ne5 Kh6 76. Kf5 Kh7 77. Kf4 Kg8 78. g4 Kh8 79. Kf5 Kg7 80. g5 Kf8 81. Kf6 Ke8 82. g6 Kf8 83. h5 Ke8 84. g7 Kd8 85. g8=Q+ Kc7 86. Qc4+ Kb7 87. Nd7 Ka7 88. Qc7+ Ka6 89. Qb6# 1-0

[Event "40/120 Mapi/Horst W."]
[Site "?"]
[Date "2024.04.17"]
[Round "9"]
[White "Mephisto Nigel Short"]
[Black "Novag Super Forte C v3.6"]
[Result "1-0"]
[ECO "C76"]
[WhiteElo "2100"]
[BlackElo "2100"]
[PlyCount "159"]
[EventDate "2024.??.??"]
[TimeControl "60"]

1. e4 e5 2. Nf3 Nc6 3. Bb5 a6 4. Ba4 d6 5. c3 Bd7 6. d4 g6 7. O-O {C76: Ruy Lopez, modern Steinitz defence, fianchetto (Bronstein) variation} Bg7 8. d5 Nb8 9. Bg5 Nf6 10. Nbd2 h6 11. Bh4 Bxa4 12. Qxa4+ Nbd7 13. c4 O-O 14. Rac1 Qe7 15. Qc2 Rfc8 16. a3 c6 17. dxc6 bxc6 18. b3 Rab8 19. b4 a5 20. bxa5 Nc5 21. Rb1 Ra8 22. Nb3 Nxb3 23. Rxb3 Rxa5 24. Rfb1 Qe6 25. Qc3 Ra4 26. Nd2 Nxe4 27. Nxe4 Rxc4 28. Qxc4 Qxc4 29. Nxd6 Qxh4 30. Nxc8 Bf8 31. Rc3 Qe4 32. Rbc1 Kg7 33. a4 Qxa4 34. Rxc6 Ba3 35. R1c2 Qd4 36. h3 e4 37. R6c4 Qa1+ 38. Kh2 e3 39. fxe3 Qe5+ 40. g3 Qxe3 41. R4c3 Qe4 42. Rc7 Qf3 43. R7c3 Qf5 44. h4 Bb4 45. Rc4 Be1 46. Rg2 Qf3 47. Rcc2 f5 48. Rc7+ Kf6 49. Ne7 Qb3 50. Nc8 Qe6 51. Rgc2 Bxg3+ 52. Kxg3 Qe1+ 53. Kg2 Qe4+ 54. Kf1 Qh1+ 55. Ke2 Qe4+ 56. Kd1 Qd4+ 57. Rd2 Qa4+ 58. Rcc2 Qg4+ 59. Kc1 Qxh4 60. Rc6+ Kg7 61. Rd7+ Kf8 62. Rcc7 Qf4+ 63. Kc2 Qe4+ 64. Kd2 Qg2+ 65. Kc3 Qg3+ 66. Kd4 Qf4+ 67. Kc5 Qe5+ 68. Kc6 Qe4+ 69. Kb6 Qb4+ 70. Ka7 Qa3+ 71. Kb7 Qb4+ 72. Nb6 Kg8 73. Rc8+ Qf8 74. Nd5 Qxc8+ 75. Kxc8 g5 76. Nf6+ Kf8 77. Rh7 f4 78. Kd7 h5 79. Ke6 h4 80. Rf7# 1-0

[Event "40/120 Mapi/Horst W."]
[Site "?"]
[Date "2024.04.17"]
[Round "10"]
[White "Novag Super Forte C v3.6"]
[Black "Mephisto Nigel Short"]
[Result "0-1"]
[ECO "E12"]
[WhiteElo "2100"]
[BlackElo "2100"]
[PlyCount "162"]
[EventDate "2024.??.??"]
[TimeControl "60"]

1. d4 Nf6 2. c4 e6 3. Nf3 b6 4. a3 Bb7 {E12: Queen's Indian, Petrosian system} 5. Nc3 d5 6. cxd5 Nxd5 7. Qc2 Nxc3 8. bxc3 c5 9. e3 Nc6 10. Bd3 h6 11. Bd2 Rc8 12. Qa4 Bd6 13. Ba6 Bxa6 14. Qxa6 O-O 15. O-O e5 16. dxc5 Bxc5 17. e4 Qe7 18. Rfb1 Rfd8 19. a4 Na5 20. Rd1 Ba3 21. Be1 Nb3 22. Ra2 Rxd1 23. Qxc8+ Kh7 24. Qf5+ g6 25. Qg4 Qd6 26. h3 Bc1 27. Re2 Nc5 28. Qc8 Qe7 29. Qc6 Bf4 30. Ra2 Qe6 31. Qxe6 Nxe6 32. Kf1 f6 33. g3 Bg5 34. Ke2 Rb1 35. Nxg5+ Nxg5 36. Rd2 a5 37. Rd7+ Kh8 38. f4 Nxe4 39. Rd8+ Kg7 40. Rd7+ Kg8 41. fxe5 fxe5 42. Re7 Nc5 43. Bd2 Rb2 44. Ke3 Nxa4 45. g4 Rb5 46. Kf3 g5 47. Ke4 Rc5 48. Rb7 Nxc3+ 49. Bxc3 Rxc3 50. Rxb6 Rxh3 51. Ra6 Rg3 52. Rxh6 Rxg4+ 53. Kxe5 Rb4 54. Rc6 a4 55. Ra6 g4 56. Kf5 Kh7 57. Ra7+ Kh6 58. Ra6+ Kh5 59. Ra7 Kh4 60. Rh7+ Kg3 61. Ke5 Kg2 62. Ra7 g3 63. Rh7 Rb5+ 64. Kf4 Kf2 65. Rf7 g2 66. Ke4+ Ke2 67. Rg7 Rb4+ 68. Kd5 Kf2 69. Kc5 Rf4 70. Kd5 Kf3 71. Ke5 Rg4 72. Rf7+ Ke2 73. Re7 g1=Q 74. Kd5+ Kd3 75. Rd7 Qb6 76. Ke5+ Ke3 77. Rd6 Re4+ 78. Kf5 Qxd6 79. Kg5 Kf3 80. Kh5 Re5+ 81. Kh4 Qh6# 0-1

[Event "40/120 Mapi/Horst W."]
[Site "?"]
[Date "2024.04.17"]
[Round "11"]
[White "Mephisto Nigel Short"]
[Black "Novag Super Forte C v3.6"]
[Result "0-1"]
[ECO "B19"]
[WhiteElo "2100"]
[BlackElo "2100"]
[PlyCount "269"]
[EventDate "2024.??.??"]
[TimeControl "60"]

1. e4 c6 2. d4 d5 3. Nc3 dxe4 4. Nxe4 Bf5 5. Ng3 Bg6 6. h4 h6 {B18: Caro-Kann, classical, 6.h4} 7. h5 Bh7 8. Nf3 Nf6 9. c4 e6 10. Qb3 Qb6 11. Bd2 Qxb3 12. axb3 Bd6 13. c5 Bxg3 14. fxg3 Ne4 15. Bf4 Nd7 16. Bc4 Ndf6 17. Ke2 Bf5 18. Bd3 O-O 19. Rh4 Rfe8 20. Be5 Bh7 21. Nd2 Nxd2 22. Kxd2 Nd5 23. Rhh1 Bxd3 24. Kxd3 f6 25. Bd6 Kf7 26. Rhf1 Red8 27. Ke4 f5+ 28. Kd3 Nf6 29. Be5 Rd5 30. Rf3 Ke7 31. Rh1 Rad8 32. Kc4 b5+ 33. Kb4 Ng4 34. Bd6+ Kf6 35. Kc3 e5 36. dxe5+ Nxe5 37. Re3 a5 38. Ra1 Ng4 39. Re2 b4+ 40. Kc2 Rd7 41. Rae1 g5 42. hxg6 Kxg6 43. Re6+ Kg7 44. Re8 Nf2 45. R8e7+ Rxe7 46. Rxe7+ Kg8 47. Rc7 Ne4 48. Rxc6 Rd2+ 49. Kc1 Rxg2 50. Ra6 Kf7 51. Kb1 Rf2 52. Ra7+ Ke6 53. Rxa5 Nxd6 54. Ra6 Rd2 55. Rb6 Ke5 56. cxd6 Rxd6 57. Rb5+ Rd5 58. Rxb4 Rd3 59. Rh4 Rxg3 60. Rxh6 Rxb3 61. Kc2 Rb8 62. Rh1 f4 63. Kc3 f3 64. Re1+ Kd5 65. b4 Rb6 66. Rf1 Ke4 67. Re1+ Kf4 68. Kc4 Rc6+ 69. Kd5 f2 70. Rf1 Rc2 71. b5 Kf3 72. Rh1 Rd2+ 73. Kc6 Re2 74. Kd5 Re1 75. Rh6 Rd1+ 76. Kc6 Rc1+ 77. Kd6 Rb1 78. Rf6+ Ke3 79. Kc6 Rc1+ 80. Kd7 Rd1+ 81. Kc7 f1=Q 82. Rxf1 Rxf1 83. b6 Rc1+ 84. Kb8 Kd4 85. b7 Kd5 86. Ka7 Kc6 87. b8=N+ Kd6 88. Kb7 Rb1+ 89. Kc8 Rb2 90. Na6 Rd2 91. Kb7 Re2 92. Kb6 Rb2+ 93. Ka5 Kd5 94. Nc7+ Kc6 95. Ne6 Kd6 96. Nd4 Rb7 97. Ka4 Kd5 98. Nb3 Rb6 99. Nd2 Rb8 100. Nb3 Kc4 101. Na5+ Kc3 102. Nc6 Rb2 103. Ne5 Kd4 104. Nc6+ Kd5 105. Ne7+ Kc4 106. Ka5 Kc5 107. Ka4 Rb4+ 108. Ka3 Kc4 109. Nc8 Kc3 110. Ne7 Rd4 111. Nc8 Rd8 112. Nb6 Rb8 113. Nd5+ Kc4 114. Ne7 Re8 115. Ng6 Re4 116. Kb2 Re2+ 117. Ka3 Re6 118. Nf8 Re7 119. Ng6 Rg7 120. Nf4 Rf7 121. Ng6 Rf1 122. Ne7 Rf4 123. Ka4 Re4 124. Nc8 Kc5+ 125. Ka5 Re6 126. Na7 Rb6 127. Nc8 Rh6 128. Na7 Rh5 129. Ka6 Rh7 130. Nb5 Rh3 131. Na7 Rb3 132. Nc8 Rb8 133. Na7 Rb2 134. Nc8 Rb3 135. Ne7 0-1

[Event "40/120 Mapi/Horst W."]
[Site "?"]
[Date "2024.04.17"]
[Round "12"]
[White "Novag Super Forte C v3.6"]
[Black "Mephisto Nigel Short"]
[Result "1-0"]
[ECO "E12"]
[WhiteElo "2100"]
[BlackElo "2100"]
[PlyCount "165"]
[EventDate "2024.??.??"]
[TimeControl "60"]

1. d4 Nf6 2. c4 e6 3. Nf3 b6 4. a3 Bb7 {E12: Queen's Indian, Petrosian system} 5. Nc3 d5 6. cxd5 Nxd5 7. Qc2 Nxc3 8. bxc3 c5 9. e3 Nc6 10. Bd3 h6 11. Bd2 Rc8 12. Qa4 Bd6 13. O-O O-O 14. Ba6 Bxa6 15. Qxa6 e5 16. dxc5 Bxc5 17. e4 Qe7 18. Rfb1 Rfd8 19. a4 Na5 20. Rd1 Ba3 21. Be1 Nb3 22. Ra2 Rxd1 23. Qxc8+ Kh7 24. Qf5+ g6 25. Qc8 f6 26. Qc4 Na5 27. Qb5 Bc1 28. Qe2 Rd7 29. c4 Nc6 30. c5 Nd4 31. Nxd4 exd4 32. c6 Rd8 33. Qc4 Bf4 34. Bd2 Bd6 35. Qd3 Qc7 36. g3 Bc5 37. Qb3 Kg7 38. Qb5 Rc8 39. Qa6 Re8 40. Rc2 Rxe4 41. Rc1 Re7 42. Re1 Rxe1+ 43. Bxe1 g5 44. Qb7 Qxb7 45. cxb7 Bd6 46. f3 f5 47. Kf2 Kf6 48. Ke2 Ke6 49. Kd3 Kd5 50. g4 Bxh2 51. gxf5 Bd6 52. Bb4 Bc7 53. Be7 Ke5 54. f6 Ke6 55. Kxd4 Bf4 56. Bd8 Bb8 57. Kd3 Bg3 58. Ke4 Bh2 59. Ke3 Kf7 60. Ke4 Ke6 61. Be7 Bb8 62. Bd8 Bd6 63. Ke3 Kf7 64. Kd4 Ke6 65. Kc3 Bg3 66. Kd3 Bb8 67. Ke4 Bd6 68. f7 Kxf7 69. Kd5 Bb8 70. Kc6 b5 71. Bc7 Bxc7 72. Kxc7 bxa4 73. b8=Q a6 74. Qa7 a5 75. Kd6+ Kg6 76. Ke5 a3 77. Qxa5 h5 78. Qxa3 g4 79. Qd6+ Kh7 80. Kf6 h4 81. Qd7+ Kh6 82. Qg7+ Kh5 83. fxg4# 1-0

[Event "40/120 Mapi/Horst W."]
[Site "?"]
[Date "2024.04.17"]
[Round "13"]
[White "Mephisto Nigel Short"]
[Black "Novag Super Forte C v3.6"]
[Result "1-0"]
[ECO "B22"]
[WhiteElo "2100"]
[BlackElo "2100"]
[PlyCount "111"]
[EventDate "2024.??.??"]
[TimeControl "60"]

1. e4 c5 2. c3 Nf6 {B22: Sicilian, Alapin's variation (2.c3)} 3. e5 Nd5 4. d4 e6 5. Nf3 cxd4 6. cxd4 d6 7. Bc4 dxe5 8. dxe5 Nc6 9. O-O Be7 10. Qe2 Bd7 11. Rd1 Nb6 12. Bb3 Na5 13. Bc2 Qc7 14. Nc3 Nac4 15. b3 Na3 16. Bxa3 Bxa3 17. Nb5 Bxb5 18. Qxb5+ Kf8 19. Be4 Qe7 20. Rd3 Kg8 21. Rad1 h6 22. Nd2 Bc5 23. Nc4 Nxc4 24. bxc4 Qh4 25. Qxc5 Qxe4 26. f3 Qf4 27. Qc7 b6 28. Rd7 Qf5 29. Qb7 Rf8 30. Qxa7 Qxe5 31. Qxb6 Qe2 32. Qc5 Kh7 33. Qd4 Qxa2 34. Qe4+ Kg8 35. Qf4 Qc2 36. h3 Qa4 37. Kh2 Kh7 38. Qe4+ Kg8 39. Kh1 Re8 40. Rd8 Kf8 41. Qe5 f6 42. Qc7 Rh7 43. c5 h5 44. c6 Qxd1+ 45. Rxd1 h4 46. Rd8 Rh5 47. Rxe8+ Kxe8 48. Qd7+ Kf8 49. c7 Rc5 50. Qd6+ Kf7 51. Qxc5 e5 52. c8=Q g5 53. Q5f8+ Kg6 54. Qd7 e4 55. Qdf7+ Kf5 56. Qxf6# 1-0

[Event "40/120 Mapi/Horst W."]
[Site "?"]
[Date "2024.04.17"]
[Round "14"]
[White "Novag Super Forte C v3.6"]
[Black "Mephisto Nigel Short"]
[Result "1/2-1/2"]
[ECO "C43"]
[WhiteElo "2100"]
[BlackElo "2100"]
[PlyCount "167"]
[EventDate "2024.??.??"]
[TimeControl "60"]

1. e4 e5 2. Nf3 Nf6 3. d4 Nxe4 4. dxe5 {C43: Petrov, modern attack, Symmetrical variation} d5 5. Nbd2 Nc5 6. Nb3 Nxb3 7. axb3 Be7 8. Be3 a5 9. Be2 O-O 10. O-O Nc6 11. c3 Bf5 12. b4 axb4 13. Rxa8 Qxa8 14. Qxd5 Rd8 15. Qb5 Be6 16. c4 Bd7 17. Qd5 Qa2 18. Bc1 g6 19. Qe4 Bf5 20. Qf4 Be6 21. Re1 Na5 22. Nd2 c5 23. Bf1 b6 24. Re4 Qa1 25. Re1 Rd4 26. Qf3 Bg5 27. Qa8+ Rd8 28. Qa7 Nb3 29. Qxa1 Nxa1 30. Nf3 Bxc1 31. Rxc1 Nb3 32. Re1 h6 33. g3 g5 34. h3 Na5 35. Rc1 f6 36. Kg2 fxe5 37. Nxe5 Rd2 38. Rb1 Bf5 39. Nf3 Be4 40. Re1 Bc6 41. Re6 Rxb2 42. Rxh6 Rc2 43. Rg6+ Kf7 44. Rxg5 Nxc4 45. Kg1 Rc1 46. Rg4 Bd5 47. Rxc4 Rxf1+ 48. Kxf1 Bxc4+ 49. Ke1 Kf6 50. Kd2 Bd5 51. Ne1 c4 52. Nc2 c3+ 53. Kd3 b3 54. Kxc3 bxc2 55. Kxc2 Bg2 56. h4 Kf5 57. Kc3 Kg4 58. Kc4 Bc6 59. f3+ Kf5 60. Kb4 Bd7 61. Kc3 Bb5 62. Kd4 Kg6 63. g4 Be2 64. Ke3 Bd1 65. Ke4 b5 66. Ke3 Kh7 67. Ke4 Kh6 68. Ke3 Kg7 69. Ke4 Be2 70. Ke3 Bf1 71. Kd2 Bg2 72. Ke3 Kh7 73. f4 Bh3 74. g5 Kg6 75. Kd4 Be6 76. Ke5 Bg4 77. Kd4 Be2 78. Ke4 Kh5 79. f5 Kxh4 80. f6 Bh5 81. Kd4 Kxg5 82. Kc5 Be8 83. f7 Bxf7 84. Kxb5 1/2-1/2